 Dungeon Crawl Stone Soup version 0.30-a0-777-ga9a30cbeda (webtiles) character file.

Game seed: 8338076793277222709

391784 tilp the Myrmidon (level 24, -5/224 HPs)
             Began as a Meteoran Fighter on Feb 13, 2023.
             Was an Elder of Okawaru.
             Slain by Parghit (23 damage)
             ... on level 4 of the Realm of Zot.
             The game lasted 02:07:32 (21220 turns).

tilp the Myrmidon (Meteoran Fighter)               Turns: 21220, Time: 02:07:33

Health: -5/224     AC: 36    Str: 21    XL:     24   Next: 98%
Magic:  0/39       EV: 30    Int: 11    God:    Okawaru [****..]
Gold:   906        SH: 16    Dex: 24    Spells: 23/23 levels left

rFire   + + .      SeeInvis +    a - +7 double sword (flame)
rCold   + + .      Faith    .    c - +0 kite shield
rNeg    . . .      Spirit   +    f - +6 chain mail of Zullooq {rF++ rC+}
rPois   .          Reflect  .    E - +2 hat {Stlth+}
rElec   .          Harm     .    x - +2 cloak
rCorr   .          Rampage  .    O - +2 pair of gloves
Will    +++..      Clarity  +    V - +3 pair of mountain boots {steadfast, rC+}
Stlth   +                        J - amulet of Liwk {Spirit Dex+3}
HPRegen 0.57/turn                R - ring of see invisible
MPRegen 0.26/turn                X - +5 ring of evasion

@: heroic, finesse-ful, glowing, studying Throwing
A: sense surroundings 3, otherworldly, glowing, explore regen, clarity, dopey 1
}: 3/15 runes: serpentine, barnacled, abyssal
a: Renounce Religion, Heroism, Finesse


You were on level 4 of the Realm of Zot.
You worshipped Okawaru.
Okawaru was greatly pleased with you.
You visited 9 branches of the dungeon, and saw 44 of its levels.
You visited the Abyss 1 time.
You also visited: Gauntlet, Volcano and Wizlab.

You collected 3043 gold pieces.
You spent 2137 gold pieces at shops.

Inventory:

Hand Weapons
 a - a +7 double sword of flaming (weapon)
 I - a +8 double sword
 M - a +3 triple sword of holy wrath
 S - the +10 double sword "Dragon's Tongue" {heavy, Int+6}
   (You subdued it on level 3 of the Realm of Zot)

   Int:       It affects your intelligence (+6).
Missiles
 g - 26 poisoned darts
 j - a throwing net
 k - 51 boomerangs (quivered)
 B - 5 curare-tipped darts
 C - 13 silver javelins
 F - 2 datura-tipped darts
 P - 20 atropa-tipped darts
 T - 34 javelins
 U - 5 boomerangs of dispersal
Armour
 c - a +0 kite shield (worn)
 f - the +6 chain mail of Zullooq (worn) {rF++ rC+}
   (Okawaru gifted it to you in a volcano)

   rF:        It greatly protects you from fire.
   rC:        It protects you from cold.
 t - the +8 plate armour of Lorch {Regen+}
   (You acquired it on level 7 of the Dungeon)

   Regen:     It increases your rate of health regeneration.
 x - a +2 cloak (worn)
 E - a +2 hat of stealth (worn)
 O - a +2 pair of gloves (worn)
 V - the +3 pair of mountain boots (worn) {steadfast, rC+}
   (You found it on level 3 of the Lair of Beasts)

   Steadfast: It prevents involuntary movement, except for blinking,
   teleportation, or banishment.
   rC:        It protects you from cold.
Jewellery
 b - the ring of Wupeeth {Ice +Blink rElec Str-5 Dex+2}
   (You took it off Josephina on level 4 of the Depths)

   [ring of ice]

   It enhances your ice magic.
   Str:       It affects your strength (-5).
   Dex:       It affects your dexterity (+2).
   rF:        It makes you vulnerable to fire.
   rC:        It protects you from cold.
   rElec:     It insulates you from electricity.
   +Blink:    It lets you blink.
 i - a ring of willpower
 m - a +6 ring of dexterity
 p - a ring of flight
 u - a ring of poison resistance
 y - a ring of protection from cold
 A - a ring of protection from fire
 J - the amulet of Liwk (around neck) {Spirit Dex+3}
   (You found it in a Gauntlet)

   [amulet of guardian spirit]

   It causes incoming damage to be divided between your reserves of health and
   magic.
   Dex:       It affects your dexterity (+3).
 R - a ring of see invisible (left hand)
 X - a +5 ring of evasion (right hand)
Wands
 h - a wand of quicksilver (2)
 q - a wand of flame (86)
 r - a wand of iceblast (3)
 N - a wand of digging (7)
 Q - a wand of paralysis (7)
Scrolls
 n - 3 scrolls of poison
 H - 15 scrolls of teleportation
 Y - 2 scrolls of blinking
 Z - 4 scrolls of enchant armour
Potions
 d - 10 potions of might
 e - 5 potions of lignification
 l - 3 potions of attraction
 o - 3 potions of ambrosia
 w - 4 potions of cancellation
 z - 4 potions of curing
 D - 7 potions of resistance
 K - 4 potions of berserk rage
 L - 5 potions of haste
 W - 7 potions of mutation
Miscellaneous
 s - a lightning rod (inert)
 v - a tin of tremorstones (2/2)


   Skills:
 + Level 20.3(25.3) Fighting
 - Level 18.0(23.0) Long Blades
 - Level 12.0(17.0) Throwing
 - Level 16.0(21.0) Armour
 + Level 20.3(25.3) Dodging
 - Level 4.0(9.0) Stealth
 - Level 12.0(17.0) Shields
 + Level 22.4 Invocations
 - Level 12.0 Evocations


You had 23 spell levels left.
You didn't know any spells.
Your spell library was empty.

Dungeon Overview and Level Annotations

Branches:
Dungeon (15/15) Zot: 1901  Temple (1/1) D:4 Zot: 559    Lair (5/5) D:11 Zot: 949
 Shoals (4/4) Lair:3 Zot: 880   Snake (4/4) Lair:2 Zot: 1087   Slime (0/5) Lair:5
    Orc (2/2) D:12 Zot: 180     Elf (0/3) Orc:2        Vaults (4/5) D:14 Zot: 203
 Depths (4/4) D:15 Zot: 199     Zot (5/5) Depths:4 Zot: 2422 Volcano (visited)
 WizLab (visited)         Gauntlet (visited)
  Crypt: Vaults:2-3

Altars:
Cheibriados
Dithmenos
Gozag
Hepliaklqana
Kikubaaqudgha
Makhleb
Nemelex Xobeh
Okawaru
Qazlal
Trog
Uskayaw
Vehumet
Xom
Yredelemnul
Zin
The Shining One

Shops:
D:9 *   D:14 [   Orc:2 !=?(*?*   Snake:3 *   Depths:1 *   Depths:4 ==:

Portals:
Hell: Depths:2
Abyss: Depths:3 Depths:4
Ziggurat: Depths:3

Annotations:
D:7 1 runed translucent door, Athor's ghost, novice OpEE
D:9 3 runed translucent doors, Chingon's ghost, journeyman MiFi
D:14 tower shield
Shoals:2 Roxanne
Zot:4 Parghit


Innate Abilities, Weirdness & Mutations

You passively map a large area around you.
You are easily found by Zot.
You glow in the dark.
You regain HP and MP as you explore.
You possess an exceptional clarity of mind.
You are dopey. (Int -2)


Message History

You hit Parghit but do no damage. Parghit barely misses you. Parghit claws you!
* * * LOW HITPOINT WARNING * * *
Parghit claws you but does no damage.
You barely miss Parghit. You barely miss Parghit. You slice Parghit!!
You burn Parghit.
Parghit is moderately wounded.
Parghit bites you.
* * * LOW HITPOINT WARNING * * *
You block Parghit's attack. x2
You open Parghit like a pillowcase!!! You burn Parghit.
Parghit is heavily wounded.
You slash Parghit! You burn Parghit.
Parghit is heavily wounded.
You block Parghit's attack. Parghit closely misses you. x2
You slash Parghit!
Parghit is moderately wounded.
You hit Parghit.
Parghit is heavily wounded.
You slash Parghit!
Parghit is heavily wounded.
You block Parghit's attack. Parghit completely misses you.
You block Parghit's attack.
You hit Parghit but do no damage.
Parghit is moderately wounded.
You slice Parghit!!
Parghit is heavily wounded.
You slice Parghit!! You burn Parghit.
Parghit is severely wounded.
Parghit bites you!
* * * LOW HITPOINT WARNING * * *
Parghit misses you. Parghit barely misses you.
You hit Parghit.
Parghit is heavily wounded.
You hit Parghit but do no damage.
Parghit is heavily wounded.
You hit Parghit.
Parghit is heavily wounded.
Parghit bites you!!
You die...

,,,**
**,,,**********,,,*,,,*
,,** **,,,** **,,,,,**
,,* **,,,** **,,,** ,,*
**,,,** **,,,** ,,*
*,,,** **,,,* ,,* *,,**
###### **,,* ,,* *,,*
##°°§°## *,,* ,,* *,,*
##.§○°°.## *,,* ***
*,,* #@T☼##)))# *,,*
*,,* #☼°####()# *,,*
*,,* #§§##*#[.# *,,*
*** *,,* #○☼☼##...#
*,,* ,,* *,,*
##°○°...## *,,* ,,*
*,,* ##°☼..## *,,* ,,*
*,,** ###§○# **,,* ,,*
*,,,** #§§# **,,,* ^,*
**,,,** #..# **,,,**


You could see Parghit.

Vanquished Creatures
  Mennas (Arena)
  Josephina (Depths:4)
  Bai Suzhen (Arena)
  Frederick (Vaults:2)
  Xtahua (Vaults:4)
  Saint Roka (Vaults:4)
  4 caustic shrikes (Depths:4)
  Nikola (Snake:1)
  A bone dragon (Abyss:3)
  3 walking crystal tomes (Zot:3)
  3 deep elf master archers (WizLab)
  Polyphemus (Shoals:2)
  Frances (Arena)
  A quicksilver dragon (Depths:4)
  2 death cobs
  A thorn hunter (WizLab)
  2 tentacled starspawn
  A tengu reaver (Depths:4)
  2 shadow dragons
  3 fenstrider witches (WizLab)
  7 storm dragons
  5 frost giants
  A draconian knight (Depths:4)
  8 nagarajas (Snake:4)
  3 fire giants
  7 vault wardens
  2 narguns (Zot:3)
  Aizul (Arena)
  A draconian scorcher (Zot:1)
  3 ghost moths
  The ghost of Vuem the Cleaver, a journeyman MiBe of Trog (Orc:1)
  12 ironbound preservers
  3 orc warlords
  9 very ugly things
  A spriggan defender (Depths:2)
  2 draconian annihilators
  2 war gargoyles
  Nessos (D:13)
  7 stone giants
  4 ironbound thunderhulks
  5 green draconians
  2 eleionomae (WizLab)
  3 black draconians
  2 white draconians (Zot:4)
  A minotaur (Gauntlet)
  A yellow draconian (Depths:4)
  2 purple draconians (Depths:4)
  7 red draconians
  4 spark wasps
  4 dire elephants
  Snorg (D:13)
  3 ettins
  12 merfolk impalers
  A shambling mangrove (WizLab)
  7 merfolk javelineers (Shoals:4)
  7 fire dragons
  2 spriggan air magi (Depths:2)
  6 vault guards
  5 yaktaur captains
  5 hydras
  6 ice dragons
  Fannar (D:10)
  6 great orbs of eyes
  3 ironbound frosthearts
  A rakshasa (Depths:2)
  6 merfolk avatars
  4 salamander tyrants (Snake:4)
  5 ogre magi
  8 centaur warriors
  7 anacondas
  A catoblepas (Shoals:2)
  4 boulder beetles
  28 two-headed ogres
  6 merfolk aquamancers (Shoals:4)
  2 deep troll earth magi
  An alligator snapping turtle (Shoals:4)
  7 satyrs
  2 tengu warriors (D:15)
  6 death yaks
  6 deep troll shamans
  3 dancing weapons (Zot:3)
  A hell hog (Abyss:3)
  8 naga warriors
  6 large abominations (Abyss:3)
  A vampire mage (Depths:2)
  4 spriggan berserkers
  9 naga sharpshooters
  An orc high priest (Orc:2)
  2 spriggans
  2 thrashing horrors (Abyss:3)
  3 shock serpents
  6 hell knights
  A sixfirhy (Abyss:3)
  Nergalle (Lair:2)
  A wretched star (Abyss:3)
  6 iron trolls
  3 skysharks
  2 goliath frogs (Lair:5)
  44 deep trolls
  4 naga ritualists
  3 glowing orange brains
  5 sea snakes
  4 wizards
  2 lindwurms (Vaults:3)
  3 deep elf archers (WizLab)
  A swamp dragon (Abyss:3)
  9 ironbound convokers
  A sphinx zombie (Vaults:1)
  A deep elf pyromancer (D:14)
  3 necromancers
  14 harpies
  8 orc knights
  17 ugly things
  6 mana vipers
  A phantasmal warrior (Vaults:2)
  2 human zombies (Vaults:1)
  3 cyclopes
  A sphinx skeleton (Vaults:1)
  An orc sorcerer (Orc:2)
  10 fauns
  10 manticores
  5 salamanders
  A worldbinder (Abyss:3)
  6 moths of wrath
  14 elephants
  6 merfolk sirens
  Maurice (D:9)
  5 guardian serpents
  3 water nymphs
  8 naga magi
  2 molten gargoyles (Volcano)
  6 vault sentinels
  2 torpor snails
  2 apocalypse crabs (Abyss:3)
  21 black mambas
  A gargoyle (D:12)
  19 cane toads
  3 smoke demons
  3 unseen horrors
  2 kobold demonologists
  3 tengu conjurers
  An unseen horror (shapeshifter) (D:13)
  3 rime drakes
  13 komodo dragons
  16 yaktaurs
  3 freezing wraiths
  A ghost moth simulacrum (Zot:1)
  7 trolls
  2 tyrant leeches (Lair:5)
  An ancient zyme (Abyss:3)
  20 merfolk
  9 meliai
  A troll (shapeshifter) (D:14)
  A shadow dragon simulacrum (Zot:1)
  2 human skeletons (Vaults:1)
  A tarantella (shapeshifter) (D:13)
  2 hornets
  18 blink frogs
  3 snapping turtles
  3 raiju (Abyss:3)
  11 dream sheep
  A jumping spider (shapeshifter) (Depths:3)
  20 slime creatures
  A spriggan (shapeshifter) (D:14)
  A shadow (D:11)
  2 ynoxinuls (Abyss:3)
  31 yaks
  A vampire (Abyss:3)
  5 wraiths
  2 basilisks
  A fire elemental (Depths:4)
  7 wyverns
  11 humans (D:14)
  2 neqoxecs (Abyss:3)
  4 small abominations (Abyss:3)
  4 vampire mosquitoes (Lair:5)
  4 water elementals (Shoals:4)
  A human simulacrum (Vaults:1)
  A red draconian simulacrum (Zot:1)
  A white draconian simulacrum (Zot:1)
  6 wargs (Orc:1)
  14 nagas
  2 acid dragons
  15 water moccasins
  A moth of wrath simulacrum (Zot:1)
  A sky beast (D:7)
  An ice beast (D:6)
  A black bear (Lair:3)
  25 orc warriors
  27 ogres
  An ogre (shapeshifter) (Depths:4)
  9 centaurs
  8 wolves
  2 phantoms
  2 kobold brigands
  16 bullfrogs
  3 necrophages
  3 scorpions
  8 wights (D:9)
  An electric eel (Lair:5)
  2 lava snakes (Volcano)
  A gnoll bouda (D:5)
  2 hounds
  5 jellies
  15 starcursed masses (Abyss:3)
  An iron imp (Abyss:3)
  14 orc priests
  7 hell rats (Lair:5)
  3 iguanas
  20 orc wizards
  10 gnolls
  4 adders
  A shadow imp (D:7)
  3 white imps
  2 ufetubi
  A dart slug (D:1)
  91 orcs
  4 ball pythons
  4 endoplasms
  2 giant cockroaches
  4 goblins
  6 hobgoblins
  7 jackals
  15 kobolds
  A quokka (D:5)
  2 bats
  2 rats
  A bush (Abyss:2)
  A lurking horror (Abyss:3)
  A starspawn tentacle (Abyss:3)
1224 creatures vanquished.

Vanquished Creatures (others)
  A lich (Depths:3)
  A draconian monk (Zot:4)
  A merfolk javelineer (Shoals:4)
  A water elemental (Shoals:4)
  A shadow (D:9)
  A sky beast (D:6)
  An orc wizard (D:14)
  2 orcs (Orc:2)
  A demonic plant (Abyss:3)
  29 fungi
  101 plants
  4 starspawn tentacles
144 creatures vanquished.

Grand Total: 1368 creatures vanquished

Notes
Turn   | Place    | Note
-------+----------+-------------------------------------------
     0 | D:1      | tilp the Meteoran Fighter began the quest for the Orb.
     0 | D:1      | Reached XP level 1. HP: 19/19 MP: 2/2
    59 | D:1      | Reached XP level 2. HP: 21/26 MP: 3/3
    81 | D:1      | Reached skill level 1 in Dodging
   185 | D:2      | Reached XP level 3. HP: 23/31 MP: 4/4
   224 | D:2      | Found a glowing golden altar of the Shining One.
   286 | D:1      | Reached XP level 4. HP: 30/38 MP: 5/5
   446 | D:3      | Reached XP level 5. HP: 45/45 MP: 6/6
   560 | D:4      | Reached skill level 1 in Stealth
   561 | D:4      | Noticed a phantom
   562 | D:4      | Found a staircase to the Ecumenical Temple.
   569 | D:4      | Killed a phantom
   570 | D:4      | Reached XP level 6. HP: 52/52 MP: 7/7
   656 | Temple   | Entered the Ecumenical Temple
   677 | Temple   | Became a worshipper of Warmaster Okawaru
   708 | D:5      | Entered Level 5 of the Dungeon
   758 | D:5      | Reached XP level 7. HP: 36/59 MP: 8/8
   767 | D:5      | Reached skill level 5 in Long Blades
  1025 | D:5      | Reached * piety under Okawaru
  1094 | D:5      | Reached skill level 1 in Invocations
  1117 | D:5      | Identified the +4 ring mail of the Stained God {rCorr SInv}
  1173 | D:5      | Reached XP level 8. HP: 32/66 MP: 7/10
  1182 | D:5      | Reached skill level 1 in Throwing
  1284 | D:6      | Noticed a steam dragon
  1341 | D:5      | Reached skill level 2 in Invocations
  1488 | D:6      | Found a hide-covered altar of Uskayaw.
  1527 | D:7      | Reached skill level 1 in Evocations
  1564 | D:6      | Reached skill level 5 in Dodging
  1602 | D:6      | Reached ** piety under Okawaru
  1607 | D:6      | Reached skill level 3 in Invocations
  1616 | D:6      | Found a shimmering altar of Xom.
  1638 | D:6      | Reached skill level 5 in Fighting
  1638 | D:6      | Gained mutation: You passively map the area around you.
                  | [Meteoran growth]
  1638 | D:6      | Reached XP level 9. HP: 25/74 MP: 12/12
  1749 | D:7      | Found a runed translucent door.
  1750 | D:7      | Noticed Athor's ghost (novice OpEE)
  1835 | D:7      | Reached skill level 4 in Invocations
  1857 | D:7      | Identified a scroll of acquirement
  1857 | D:7      | Acquired the +8 plate armour of Lorch {Regen+}
  1934 | D:7      | Reached *** piety under Okawaru
  1977 | D:7      | Reached skill level 5 in Armour
  2253 | D:9      | Found a runed translucent gate.
  2255 | D:9      | Found a runed translucent gate.
  2255 | D:9      | Found an opulent altar of Gozag.
  2256 | D:9      | Found a runed translucent gate.
  2257 | D:9      | Noticed Chingon's ghost (journeyman MiFi)
  2257 | D:9      | Noticed a freezing wraith
  2258 | D:9      | Found Lyrurgh's Assorted Antiques.
  2328 | D:9      | Acquired a +0 demon blade of venom
  2470 | D:8      | Reached skill level 5 in Invocations
  2470 | D:8      | Reached XP level 10. HP: 83/83 MP: 14/14
  2728 | D:9      | Noticed Maurice
  2744 | D:9      | Killed Maurice
  2745 | D:9      | Reached skill level 6 in Invocations
  2813 | D:9      | Reached **** piety under Okawaru
  3167 | D:9      | Noticed a two-headed ogre
  3179 | D:9      | Killed a two-headed ogre
  3179 | D:9      | Reached ***** piety under Okawaru
  3180 | D:9      | Reached skill level 7 in Invocations
  3180 | D:9      | Reached XP level 11. HP: 64/92 MP: 17/17
  3241 | D:10     | Entered Level 10 of the Dungeon
  3281 | D:10     | Reached skill level 8 in Invocations
  3427 | D:10     | Noticed a two-headed ogre
  3437 | D:10     | Killed a two-headed ogre
  3438 | D:10     | Reached skill level 10 in Long Blades
  3515 | D:10     | Noticed a sun demon
  3519 | D:10     | Received a gift from Okawaru
  3703 | D:10     | Found a shadowy altar of Dithmenos.
  3703 | D:10     | Noticed Fannar
  3776 | D:10     | Killed Fannar
  3776 | D:10     | Received a gift from Okawaru
  3777 | D:10     | Reached XP level 12. HP: 98/103 MP: 19/19
  3792 | D:10     | Found a bloodstained altar of Trog.
  3803 | D:10     | Found a glowing silver altar of Zin.
  3854 | D:10     | Reached skill level 9 in Invocations
  3879 | D:10     | Identified the +1 ring mail "Bobyosk" {rPois rC- Dex+5}
  4117 | D:11     | Reached skill level 5 in Shields
  4177 | D:11     | Noticed a two-headed ogre
  4187 | D:11     | Killed a two-headed ogre
  4188 | D:11     | Reached skill level 5 in Throwing
  4188 | D:11     | Reached skill level 5 in Evocations
  4468 | Arena    | Entered the Arena
  4531 | D:11     | Found a staircase to the Lair.
  4794 | D:12     | Noticed a two-headed ogre
  4798 | D:12     | Noticed a two-headed ogre
  4804 | D:12     | Killed a two-headed ogre
  4814 | D:12     | Killed a two-headed ogre
  4815 | D:12     | Reached skill level 10 in Invocations
  4870 | D:12     | Noticed a two-headed ogre
  4887 | D:12     | Killed a two-headed ogre
  4945 | D:12     | Noticed an orc knight
  4959 | D:12     | Killed an orc knight
  4960 | D:12     | Reached XP level 13. HP: 108/112 MP: 21/21
  5099 | Arena    | Entered the Arena
  5158 | D:13     | Noticed a boulder beetle
  5167 | D:13     | Killed a boulder beetle
  5191 | D:13     | Noticed Frances
  5205 | Arena    | Entered the Arena
  5214 | Arena    | Killed Frances
  5215 | Arena    | Reached skill level 10 in Fighting
  5215 | Arena    | Reached skill level 11 in Invocations
  5287 | D:13     | Noticed Nessos
  5298 | D:13     | Killed Nessos
  5301 | D:13     | Found a gate leading to a gauntlet.
  5323 | Gauntlet | Entered a Gauntlet
  5323 | Gauntlet | Found a transporter.
  5326 | Gauntlet | Found a transporter.
  5328 | Gauntlet | Noticed an entropy weaver
  5346 | Gauntlet | Found a transporter.
  5348 | Gauntlet | Noticed a hell hog
  5362 | Gauntlet | Found a transporter.
  5363 | Gauntlet | Found a transporter.
  5374 | Gauntlet | Found a transporter.
  5392 | Gauntlet | Found a transporter.
  5395 | Gauntlet | Found a transporter.
  5414 | Gauntlet | Found a transporter.
  5418 | Gauntlet | Found a transporter.
  5421 | Gauntlet | Found a transporter.
  5422 | Gauntlet | Found a transporter.
  5459 | Arena    | Entered the Arena
  5479 | Gauntlet | Identified the amulet of Liwk {Spirit Dex+3}
  5540 | Gauntlet | Noticed a minotaur
  5563 | Gauntlet | Killed a minotaur
  5650 | D:12     | Noticed a two-headed ogre
  5695 | D:13     | Killed a two-headed ogre
  5696 | D:13     | Reached skill level 12 in Invocations
  5730 | D:12     | Reached skill level 10 in Dodging
  5835 | D:12     | Found a staircase to the Orcish Mines.
  5847 | Orc:1    | Entered Level 1 of the Orcish Mines
  5950 | Orc:1    | Found a transporter.
  5952 | Orc:1    | Noticed Vuem's ghost (journeyman MiBe)
  5975 | Orc:2    | Entered Level 2 of the Orcish Mines
  5975 | Orc:2    | Found a staircase to the Elven Halls.
  5992 | Orc:2    | Found Veorelul's General Store.
  6140 | Orc:2    | Noticed a two-headed ogre
  6140 | Orc:2    | Noticed an ogre mage
  6141 | Orc:2    | Found Imuafaa's Jewellery Emporium.
  6141 | Orc:2    | Noticed an ogre mage
  6141 | Orc:2    | Noticed a two-headed ogre
  6156 | Orc:2    | Noticed a two-headed ogre
  6157 | Orc:2    | Noticed a two-headed ogre
  6165 | Orc:2    | Killed a two-headed ogre
  6171 | Arena    | Entered the Arena
  6178 | Arena    | Killed a two-headed ogre
  6206 | Orc:2    | Killed a two-headed ogre
  6213 | Orc:2    | Killed a two-headed ogre
  6214 | Orc:2    | Reached XP level 14. HP: 118/122 MP: 9/24
  6351 | Orc:2    | Found Otwoetih's Magic Scroll Shop.
  6351 | Orc:2    | Found Wetuf's Assorted Antiques.
  6389 | Orc:2    | Received a gift from Okawaru
  6458 | Orc:2    | Found Siskic's Weapon Shop.
  6476 | Orc:2    | Found Qossac's Distillery.
  6497 | Orc:2    | Bought a potion of might for 64 gold pieces
  6497 | Orc:2    | Bought a potion of resistance for 160 gold pieces
  6497 | Orc:2    | Bought a potion of heal wounds for 80 gold pieces
  6497 | Orc:2    | Bought a potion of curing for 48 gold pieces
  6497 | Orc:2    | Bought a potion of curing for 48 gold pieces
  6497 | Orc:2    | Bought a potion of curing for 48 gold pieces
  6497 | Orc:2    | Bought 2 potions of curing for 96 gold pieces
  6510 | Orc:2    | Bought a scroll of enchant armour for 120 gold pieces
  6510 | Orc:2    | Bought a scroll of blinking for 120 gold pieces
  6510 | Orc:2    | Bought a scroll of enchant weapon for 120 gold pieces
  6518 | Orc:2    | Found Baxy's Magic Scroll Shoppe.
  6763 | Orc:2    | Bought a scroll of enchant armour for 97 gold pieces
  6763 | Orc:2    | Bought a scroll of teleportation for 39 gold pieces
  6787 | Orc:2    | Bought a scroll of teleportation for 51 gold pieces
  6979 | D:13     | Reached ****** piety under Okawaru
  7038 | D:13     | Reached XP level 15. HP: 72/134 MP: 6/25
  7151 | D:13     | Received a gift from Okawaru
  7189 | D:13     | Noticed Snorg
  7198 | D:13     | Killed Snorg
  7412 | D:14     | Found Sotiell's Antique Armour Boutique.
  7475 | D:14     | Received a gift from Okawaru
  7507 | D:14     | Received a gift from Okawaru
  7533 | D:14     | Found a gate to the Vaults.
  7622 | D:15     | Entered Level 15 of the Dungeon
  7676 | D:15     | Noticed a frost giant
  7692 | D:15     | Killed a frost giant
  7704 | D:15     | Found a staircase to the Depths.
  7894 | Lair:1   | Entered Level 1 of the Lair of Beasts
  7935 | Lair:2   | Reached skill level 13 in Invocations
  7948 | Lair:2   | Found a staircase to the Snake Pit.
  8029 | Lair:2   | Received a gift from Okawaru
  8073 | Lair:2   | Received a gift from Okawaru
  8145 | Lair:3   | Found a dark tunnel.
  8165 | Volcano  | Entered a volcano
  8250 | Volcano  | Found a radiant altar of Vehumet.
  8263 | Volcano  | Identified the +6 chain mail of Zullooq {rF++ rC+} (Okawaru
                  | gifted it to you in a volcano)
  8263 | Volcano  | Received a gift from Okawaru
  8311 | Volcano  | Reached XP level 16. HP: 145/145 MP: 27/27
  8519 | Lair:2   | Noticed Nergalle
  8534 | Lair:2   | Killed Nergalle
  8535 | Lair:2   | Reached skill level 10 in Armour
  9050 | Lair:3   | Found the +3 pair of mountain boots {steadfast, rC+}
  9077 | Lair:3   | Found a staircase to the Shoals.
  9207 | Lair:5   | Entered Level 5 of the Lair of Beasts
  9236 | Lair:4   | Reached skill level 15 in Long Blades
  9388 | Lair:5   | Received a gift from Okawaru
  9390 | Lair:5   | Reached skill level 14 in Invocations
  9516 | Lair:5   | Received a gift from Okawaru
  9520 | Lair:5   | Found the ring of the Mage {Wiz Archmagi}
  9591 | Lair:5   | Reached skill level 15 in Fighting
  9617 | Lair:5   | Identified the +1 short sword "Tihuowuw" {freeze, Fragile
                  | Fly rC+++ Dex+3}
  9752 | Lair:5   | Identified the +5 ring mail of Patience {*Corrode rC+
                  | Dex+3}
  9780 | Lair:5   | Found a staircase to the Slime Pits.
  9838 | Lair:5   | Reached XP level 17. HP: 156/156 MP: 28/28
 10178 | Orc:1    | Found a transporter.
 10219 | Orc:1    | Killed Vuem's ghost
 10246 | Orc:1    | Identified the +1 whip of Erchot {heavy, rC- Str+6 Dex+2}
 10367 | Orc:2    | Bought a ring of flight for 280 gold pieces
 10382 | Orc:2    | Bought 2 potions of haste for 320 gold pieces
 10395 | Orc:2    | Bought a scroll of fog for 64 gold pieces
 10607 | Snake:1  | Entered Level 1 of the Snake Pit
 10672 | Snake:1  | Found a glowing golden altar of the Shining One.
 10775 | Snake:1  | Reached skill level 15 in Invocations
 10853 | Snake:1  | Noticed Nikola
 10885 | Snake:1  | Reached skill level 15 in Dodging
 10892 | Snake:1  | Killed Nikola
 10892 | Snake:1  | Received a gift from Okawaru
 11083 | Snake:3  | Found Myjur's General Store.
 11112 | Snake:3  | Received a gift from Okawaru
 11146 | Snake:3  | Noticed Bai Suzhen
 11211 | Arena    | Entered the Arena
 11213 | Arena    | Killed Bai Suzhen
 11336 | Snake:4  | Entered Level 4 of the Snake Pit
 11370 | Snake:4  | Noticed a nagaraja
 11370 | Snake:4  | Noticed a nagaraja
 11382 | Snake:4  | Noticed a nagaraja
 11394 | Snake:4  | Killed a nagaraja
 11410 | Snake:4  | Killed a nagaraja
 11415 | Snake:4  | Killed a nagaraja
 11423 | Snake:4  | Received a gift from Okawaru
 11478 | Snake:4  | Noticed a nagaraja
 11492 | Snake:4  | Killed a nagaraja
 11516 | Snake:4  | Noticed a nagaraja
 11520 | Snake:4  | Noticed a nagaraja
 11525 | Snake:4  | Killed a nagaraja
 11530 | Snake:4  | Killed a nagaraja
 11530 | Snake:4  | Received a gift from Okawaru
 11531 | Snake:4  | Gained mutation: You passively map a large area around you.
                  | [Meteoran growth]
 11531 | Snake:4  | Reached XP level 18. HP: 166/166 MP: 28/30
 11580 | Snake:4  | Received a gift from Okawaru
 11620 | Snake:4  | Reached skill level 10 in Throwing
 11788 | Snake:4  | Received a gift from Okawaru
 11813 | Arena    | Entered the Arena
 11850 | Arena    | Entered the Arena
 11881 | Snake:4  | Received a gift from Okawaru
 11901 | Arena    | Entered the Arena
 11979 | Snake:4  | Got a serpentine rune of Zot
 12094 | Snake:3  | Bought a scroll of enchant armour for 105 gold pieces
 12221 | Shoals:1 | Entered Level 1 of the Shoals
 12277 | Shoals:2 | Noticed Polyphemus
 12297 | Shoals:2 | Killed Polyphemus
 12314 | Shoals:2 | Received a gift from Okawaru
 12365 | Shoals:2 | Noticed Roxanne
 12417 | Shoals:1 | Reached skill level 16 in Invocations
 12696 | Shoals:3 | Received a gift from Okawaru
 12767 | Shoals:2 | Reached skill level 10 in Shields
 12936 | Shoals:4 | Entered Level 4 of the Shoals
 12993 | Shoals:4 | Noticed Aizul
 13012 | Arena    | Entered the Arena
 13019 | Arena    | Killed Aizul
 13061 | Shoals:4 | Received a gift from Okawaru
 13082 | Shoals:4 | Reached XP level 19. HP: 154/174 MP: 27/32
 13178 | Shoals:4 | Received a gift from Okawaru
 13503 | Shoals:4 | Received a gift from Okawaru
 13559 | Shoals:4 | Got a barnacled rune of Zot
 14213 | Vaults:1 | Entered Level 1 of the Vaults
 14266 | Vaults:1 | Reached skill level 17 in Invocations
 14545 | Vaults:2 | Received a gift from Okawaru
 14615 | Vaults:2 | Reached XP level 20. HP: 170/187 MP: 29/33
 14790 | Vaults:2 | Noticed Frederick
 14811 | Vaults:2 | Killed Frederick
 15052 | Vaults:3 | Reached skill level 18 in Invocations
 15192 | Vaults:4 | Noticed Mennas
 15226 | Vaults:4 | Noticed Xtahua
 15227 | Vaults:4 | Paralysed by Xtahua for 2 turns
 15243 | Vaults:4 | Killed Xtahua
 15295 | Vaults:4 | Received a gift from Okawaru
 15350 | Vaults:4 | Reached skill level 19 in Invocations
 15367 | Arena    | Entered the Arena
 15399 | Arena    | Killed Mennas
 15597 | Vaults:4 | Received a gift from Okawaru
 15606 | Vaults:4 | Reached skill level 20 in Invocations
 15687 | Vaults:4 | Noticed Saint Roka
 15709 | Vaults:4 | Killed Saint Roka
 15710 | Vaults:4 | Reached XP level 21. HP: 119/194 MP: 21/36
 15755 | Vaults:4 | Received a gift from Okawaru
 16185 | Depths:1 | Entered Level 1 of the Depths
 16444 | Depths:1 | Found Vequnof's CLEARANCE SALE!.
 16452 | Depths:1 | Bought a scroll of enchant weapon for 22 gold pieces
 16477 | Depths:1 | Received a gift from Okawaru
 16497 | Depths:1 | Found a shimmering altar of Xom.
 16727 | Depths:2 | Found a gateway to Hell.
 16977 | Arena    | Entered the Arena
 17007 | Depths:2 | Received a gift from Okawaru
 17163 | Depths:3 | Received a gift from Okawaru
 17321 | Depths:3 | Found a one-way gateway to a ziggurat.
 17342 | Depths:3 | Paralysed by a floating eye for 4 turns
 17479 | Depths:3 | Received a gift from Okawaru
 17617 | Depths:4 | Entered Level 4 of the Depths
 17667 | Depths:3 | Found a magical portal.
 17683 | WizLab   | Entered Eringya's Formal Garden
 17706 | WizLab   | Reached XP level 22. HP: 202/204 MP: 37/37
 17850 | WizLab   | Received a gift from Okawaru
 17878 | WizLab   | Reached XP level 23. HP: 86/213 MP: 21/38
 17910 | WizLab   | Reached skill level 15 in Armour
 17986 | WizLab   | Received a gift from Okawaru
 18134 | WizLab   | Received a gift from Okawaru
 18139 | WizLab   | Reached skill level 10 in Evocations
 18151 | WizLab   | Found a blossoming altar of Fedhas.
 18304 | Depths:3 | Found a one-way gate to the infinite horrors of the Abyss.
 18320 | Depths:3 | Paralysed by a floating eye for 2 turns
 18344 | Depths:3 | Received a gift from Okawaru
 18368 | Depths:3 | Voluntarily entered the Abyss.
 18568 | Abyss:3  | Gained mutation: You possess an exceptional clarity of
                  | mind. [a neqoxec]
 18670 | Abyss:3  | Received a gift from Okawaru
 18671 | Abyss:3  | Reached skill level 21 in Invocations
 18742 | Abyss:3  | Noticed a bone dragon
 18768 | Abyss:3  | Killed a bone dragon
 18777 | Abyss:3  | Got an abyssal rune of Zot
 18839 | Abyss:3  | Gained mutation: You are dopey. (Int -2) [a neqoxec]
 18929 | Depths:3 | Escaped the Abyss
 19604 | Vaults:2 | Received a gift from Okawaru
 19605 | Vaults:2 | Reached XP level 24. HP: 215/224 MP: 36/38
 19623 | Vaults:2 | Received a gift from Okawaru
 20035 | Depths:4 | Found Simn's Jewellery Shoppe.
 20037 | Depths:4 | Found Asaesmaidgh's Book Shop.
 20038 | Depths:4 | Found Dometwovu's Jewellery Shoppe.
 20104 | Depths:4 | Found a gate to the Realm of Zot.
 20121 | Depths:4 | Received a gift from Okawaru
 20152 | Zot:1    | Entered Level 1 of the Realm of Zot
 20152 | Zot:1    | Identified the ring of Wupeeth {Ice +Blink rElec Str-5
                  | Dex+2}
 20152 | Zot:1    | Noticed Josephina
 20171 | Depths:4 | Killed Josephina
 20171 | Depths:4 | Received a gift from Okawaru
 20283 | Depths:4 | Noticed a caustic shrike
 20285 | Depths:4 | Noticed a caustic shrike
 20285 | Depths:4 | Noticed a caustic shrike
 20304 | Depths:4 | Killed a caustic shrike
 20317 | Depths:4 | Killed a caustic shrike
 20326 | Depths:4 | Received a gift from Okawaru
 20343 | Depths:4 | Noticed a caustic shrike
 20363 | Depths:4 | Killed a caustic shrike
 20374 | Depths:4 | Killed a caustic shrike
 20488 | Zot:1    | Received a gift from Okawaru
 20542 | Zot:2    | Reached skill level 22 in Invocations
 20607 | Depths:4 | Bought a ring of see invisible for 255 gold pieces
 20702 | Zot:3    | Identified the +10 double sword "Dragon's Tongue" {heavy,
                  | Int+6}
 20926 | Zot:5    | Entered Level 5 of the Realm of Zot
 21131 | Zot:4    | Received a gift from Okawaru
 21168 | Zot:4    | Noticed Parghit
 21220 | Zot:4    | Slain by Parghit

Illustrated notes

Levels and vault maps discovered:
D:1:      dreamdust_arrival_sigmund_warning, layout_loops_cross
D:2:      layout_loops_cross, basic_altar
D:3:      layout_basic, serial_curves, eino_curves_01, eino_curves_02
D:4:      layout_basic, minmay_temple_entry_mist, minmay_misc_feat_chi
D:5:      layout_loops_cross, st_stairs_6
D:6:      layout_basic, mainiacjoe_overflow_small_starburst,
          nicolae_uskayaw_dance_hall, gammafunk_temple_overflow_statue,
          minmay_microvault
D:7:      layout_cave_pods, gammafunk_ghost_grave
D:8:      layout_loops_cross
D:9:      layout_gridville, ebering_ghost_gozag, kennysheep_generic_room_2,
          uniq_maurice
D:10:     layout_basic, mainiacjoe_overflow_alcove_1,
          mainiacjoe_overflow_large_starburst, uniq_fannar
D:11:     layout_rooms, erik_lair_dragon
D:12:     cheibrodos_orc_bank, layout_layer_cave, david_orc_4,
          minmay_misc_feat_alley
D:13:     layout_irregular_city, gauntlet_entry_generic,
          corexii_leaking_fountain, minmay_mirror_moons_of_madness, uniq_nessos,
          uniq_azrael, uniq_snorg, uniq_frances
D:14:     layout_rooms, ximxim_vaults_locker_room, serial_shops,
          nicolae_shop_overgrown_old_shop, minmay_staircase_bubble,
          hangedman_glass_teeth, dk_noncrumbling_4
D:15:     grunt_enter_depths_snipers, layout_loops_corners, elyvilon_altar_5,
          enter_trove_6, roderic_serpentine_path, uniq_kirke
Temple:   eino_wide_crystal_templ
Lair:1:   layout_chaotic_city
Lair:2:   layout_cave_pods, minmay_snake_entry_six_corridors, uniq_nergalle
Lair:3:   layout_misc_corridors, elwin_shoals_entry_rocks,
          lightli_volcano_entry_magma_tube
Lair:4:   layout_roguey, infiniplex_staircase_pool
Lair:5:   minmay_lair_end_frog_pond, layout_loops_ring,
          nicolae_slime_entry_field_trip, serial_bayou_lake_a
Shoals:1: layout_shoals
Shoals:2: argonaut_golden_fleece, layout_shoals, nicolae_shoals_cliffside_cave,
          nicolae_shoals_flooded_hall, uniq_ilsuiw, uniq_polyphemus,
          uniq_roxanne
Shoals:3: layout_shoals
Shoals:4: shoals_end_simple, layout_shoals, shoals_ilsuiw_ice, uniq_aizul
Snake:1:  layout_onion, basic_altar, grunt_megastairs_1, uniq_donald,
          uniq_nikola
Snake:2:  layout_honeycomb, lemuel_fruit_tree
Snake:3:  layout_cave_pods, serial_shops, nicolae_square_shop, uniq_bai_suzhen
Snake:4:  grunt_snake_rune_spirals, layout_onion_interference,
          serial_bayou_shore_a
Orc:1:    layout_diamond_mine, gammafunk_ghost_berserking_beasts,
          lightli_orcish_oven, uniq_erica
Orc:2:    st_orc_ogre_mass, layout_diamond_mine, serial_shops, shop,
          nicolae_shop_advertising_works [nicolae_subvault_shop_adworks],
          nicolae_shop_crystal
Vaults:1: hangedman_vaults_stretched_pinwheel, v_rooms_1,
          nicolae_vaults_network_periphery, hangedman_vaults_stagger,
          nicolae_vaults_ring_of_whatevers, v_misc_3, hangedman_vaults_corner,
          nicolae_vaults_network_s, serial_ice_g, ontoclasm_vaults_pinch,
          ontoclasm_vaults_tryst, nicolae_vaults_theta, layout_vaults_maze,
          serial_shops, nicolae_shop_behind_doors
Vaults:2: vaults_room_grid, nicolae_vaults_little_squares_3, v_pattern_1,
          grunt_vaults_funnel, ontoclasm_vaults_claustrophobia,
          vaults_standard_mumra_x, hangedman_vaults_capsules,
          dpeg_vaults_pockets_of_resistance, v_misc_29, hangedman_vaults_stream,
          grunt_vaults_hallway_short, nicolae_vaults_angled_halls,
          layout_vaults_big_cross, uniq_frederick
Vaults:3: vaults_room_ringed_pool, nicolae_vaults_big_angled_halls,
          minmay_crypt_entry_nasty_monster, v_alt_pattern_1, vaults_mumra_hex,
          layout_vaults_big_room, uniq_zenata
Vaults:4: vaults_room_octagon, hangedman_vaults_snaps, nicolae_vaults_little_ls,
          v_alt_pattern_1, v_misc_26, grunt_vaults_hallway_long,
          ontoclasm_vaults_fault, hangedman_vaults_locks,
          vaults_room_large_hall, vaults_room_pools, hangedman_vaults_cutoff,
          layout_vaults_omnibox, uniq_mennas, uniq_xtahua, uniq_sojobo,
          uniq_saint_roka
Depths:1: layout_cave_shapes, xom_teletrap_fun, hellmouth_2,
          nicolae_shop_clearance
Depths:2: cheibrodos_quadrivalence, layout_basic, hell_entry,
          minmay_splitting_lines, grunt_pan_entry_zigzag,
          infiniplex_staircase_zigzag_5
Depths:3: minmay_the_grid_square_5x5_5x5 [minmay_the_grid_square_5x5_mess,
          minmay_the_grid_square_5x5_tie, minmay_the_grid_square_5x5_fat_x,
          minmay_the_grid_square_5x5_inner_z,
          minmay_the_grid_square_5x5_almost_minimal,
          minmay_the_grid_square_5x5_fancy_junction,
          minmay_the_grid_square_5x5_prize_open,
          minmay_the_grid_square_5x5_hourglass,
          minmay_the_grid_square_5x5_prize_monsterx,
          minmay_the_grid_square_5x5_n_small,
          minmay_the_grid_square_5x5_gyroscope,
          minmay_the_grid_square_5x5_dogpile,
          minmay_the_grid_square_5x5_prize_itemx,
          minmay_the_grid_square_5x5_hollow_slash,
          minmay_the_grid_square_5x5_tetrominoes,
          minmay_the_grid_square_5x5_six,
          minmay_the_grid_square_5x5_prize_waves,
          minmay_the_grid_square_5x5_inverted_slash,
          minmay_the_grid_square_5x5_prize_open,
          minmay_the_grid_square_5x5_checkered_statues,
          minmay_the_grid_square_5x5_eight, minmay_the_grid_square_5x5_three,
          minmay_the_grid_square_5x5_doubleslash,
          minmay_the_grid_square_5x5_bite, minmay_the_grid_square_5x5_n],
          layout_gridville, enter_ziggurat_c, hangedman_decor_push, hellmouth_1,
          mu_enter_wizlab_3, abyss_entry
Depths:4: grunt_twist_and_shout, layout_gridlike, pan_entry, abyss_entry,
          grunt_hell_entry_dis_old, abandoned_shop, serial_shops,
          nicolae_shop_stone, due_unseen_surprise, minmay_shop_grove,
          infiniplex_staircase_pool_lava
Zot:1:    layout_gridlike, uniq_josephina
Zot:2:    layout_cathedral_of_symmetry
Zot:3:    layout_gridville, nicolae_rock_paper_scissors
Zot:4:    layout_concentric_octagons, uniq_parghit
Zot:5:    layout_basic

Skill      XL: |  1  2  3  4  5  6  7  8  9 10 11 12 13 14 15 16 17 18 19 20 21 22 23 24 |
---------------+-------------------------------------------------------------------------+-----
Dodging        | 1 2 3 4 5 6 8 9 10 12 13 14 15 16 17 18 19 20 | 20.3
Long Blades    | 3 4 6 7 9 10 11 14 15 16 17 18 | 18.0
Armour         | 4 5 6 7 8 9 10 11 13 14 15 16 | 16.0
Shields        | 4 5 6 8 10 11 12 | 12.0
Stealth        | 1 2 3 4 |  4.0
Fighting       | 4 5 7 8 9 10 12 13 15 16 18 19 20 | 20.3
Invocations    | 1 3 5 7 8 10 12 13 14 15 16 17 20 21 22 | 22.4
Throwing       | 2 3 4 5 6 7 8 9 11 12 | 12.0
Evocations     | 2 4 5 6 8 9 10 12 | 12.0

Action                     |  1- 3 |  4- 6 |  7- 9 | 10-12 | 13-15 | 16-18 | 19-21 | 22-24 || total
---------------------------+-------+-------+-------+-------+-------+-------+-------+-------++-------
  Melee: Long sword        |    63 |    58 |   311 |       |       |       |       |       ||   432
         Demon blade       |       |       |    14 |   456 |   672 |       |       |       ||  1142
         Short sword       |       |       |       |       |    18 |       |       |       ||    18
         Double sword      |       |       |       |       |   293 |  1337 |  1448 |  1074 ||  4152
         Scimitar          |       |       |       |       |       |    26 |       |       ||    26
  Throw: Dart              |       |       |       |     5 |     8 |     1 |       |       ||    14
         Boomerang         |       |       |       |       |     3 |    10 |     6 |       ||    19
         Javelin           |       |       |       |       |       |     8 |       |     5 ||    13
         Throwing net      |       |       |       |       |       |       |     3 |       ||     3
 Invoke: Heroism           |       |       |     1 |     2 |     9 |    15 |    20 |    16 ||    63
         Duel              |       |       |       |     1 |     4 |     5 |     2 |       ||    12
         Finesse           |       |       |       |       |     7 |     5 |     9 |     7 ||    28
  Evoke: Wand              |       |       |       |     1 |     3 |     3 |     9 |     2 ||    18
         Lightning rod     |       |       |       |       |       |       |     4 |     4 ||     8
    Use: Scroll            |     1 |     6 |     8 |    10 |     5 |     5 |    11 |    10 ||    56
         Potion            |       |       |     1 |       |       |       |     8 |    16 ||    25
   Stab: Paralysed         |       |       |       |       |     8 |       |       |       ||     8
         Petrifying        |       |       |       |       |       |       |       |     1 ||     1
 Armour: Scale mail        |    57 |    27 |     2 |       |       |       |       |       ||    86
         Chain mail        |       |       |    26 |       |     1 |     2 |   156 |   306 ||   491
         Ring mail         |       |       |    54 |     2 |       |       |       |       ||    56
         Plate armour      |       |       |    85 |   264 |   382 |   536 |   362 |       ||  1629
  Dodge: Dodged            |    41 |    28 |   129 |   103 |   387 |   795 |   910 |   763 ||  3156
  Block: Buckler           |    16 |    26 |    89 |   104 |   183 |       |       |       ||   418
         Kite shield       |       |       |       |       |   111 |   952 |   840 |   714 ||  2617

Table legend: (Time is in decaauts)
 A = Elapsed time spent in this place.
 B = Non-inter-level travel time spent in this place.
 C = Inter-level travel time spent in this place.
 D = Time resting spent in this place.
 E = Time spent auto-exploring this place.
 F = Levels seen in this place.
 G = Mean time per level.
                   A        B        C        D        E       F      G
               +--------+--------+--------+--------+--------+-----+--------+
         Total |  19714 |  16350 |   3364 |    413 |      0 |  63 |  312.9 |
       Dungeon |   7098 |   5625 |   1473 |      0 |      0 |  15 |  473.2 |
        Temple |     40 |     21 |     19 |      0 |      0 |   1 |   40.0 |
          Lair |   2050 |   1642 |    408 |      0 |      0 |   5 |  410.0 |
        Shoals |   1520 |   1368 |    152 |      3 |      0 |   4 |  380.0 |
     Snake Pit |   1313 |   1035 |    278 |      4 |      0 |   4 |  328.2 |
  Orcish Mines |   1019 |    796 |    223 |      0 |      0 |   2 |  509.5 |
        Vaults |   2196 |   1768 |    428 |      0 |      0 |   4 |  549.0 |
        Depths |   2200 |   1866 |    334 |     10 |      0 |   4 |  550.0 |
           Zot |    576 |    529 |     47 |    150 |      0 |   5 |  115.2 |
         Abyss |    503 |    503 |      0 |     93 |      0 |   4 |  125.8 |
       Volcano |    239 |    239 |      0 |      0 |      0 |   1 |  239.0 |
        Wizlab |    492 |    492 |      0 |     29 |      0 |   1 |  492.0 |
      Gauntlet |    223 |    223 |      0 |      4 |      0 |   1 |  223.0 |
         Arena |    240 |    240 |      0 |    116 |      0 |  12 |   20.0 |
               +--------+--------+--------+--------+--------+-----+--------+

Top non-repeatable levels by time:
    D:11: 939 daAuts
  Lair:2: 844 daAuts
    D:12: 819 daAuts
    D:10: 804 daAuts
Vaults:1: 735 daAuts
Shoals:4: 727 daAuts
     D:9: 712 daAuts
Depths:3: 648 daAuts
     D:5: 635 daAuts
   Orc:2: 628 daAuts
Vaults:2: 621 daAuts
Depths:4: 604 daAuts
Vaults:4: 551 daAuts
    D:14: 540 daAuts
 Snake:4: 528 daAuts
